 Dungeon Crawl Stone Soup version 0.28.0-53-g5a82cb258f (webtiles) character file.

Game seed: 17867480249449063558

5771 Tirrikindir the Carver (level 10, 0/69 HPs)
             Began as an Octopode Fighter on Aug 11, 2022.
             Was an Initiate of Gozag.
             Slain by a two-headed ogre
             ... wielding a +0 giant spiked club
              (20 damage)
             ... on level 9 of the Dungeon.
             The game lasted 00:23:52 (11305 turns).

Tirrikindir the Carver (Octopode Fighter)          Turns: 11305, Time: 00:23:57

Health: 0/69       AC:  3    Str: 21    XL:     10   Next: 78%
Magic:  0/10       EV: 16    Int: 11    God:    Gozag
Gold:   928        SH: 14    Dex: 20    Spells: 9/9 levels left

rFire   + . .      SeeInvis +   r - +8 falchion of the Wolf {pain, rElec rN+ Str-2 Dex+4}
rCold   . . .      Faith    .   t - +3 kite shield
rNeg    + . .      Spirit   +   j - +2 hat
rPois   .          Reflect  .   C - amulet of guardian spirit
rElec   +          Harm     .   f - +6 ring of strength
rCorr   +          Rampage  .   g - ring of see invisible
Will    .....                   D - ring of resist corrosion
Stlth   +++++.....              (no ring)
HPRegen 0.21/turn               (no ring)
MPRegen 0.12/turn               (no ring)
                                (no ring)
                                (no ring)

@: no status effects
A: almost no armour, amphibious, 8 rings, camouflage 1, gelatinous body 1,
(nimble swimmer 1), tentacles, fire resistance 1, strong 1
a: Renounce Religion, Potion Petition, Call Merchant, Bribe Branch


You were on level 9 of the Dungeon.
You worshipped Gozag.
Gozag was pleased with you.
You visited 2 branches of the dungeon, and saw 10 of its levels.

You collected 1387 gold pieces.
You paid 459 gold pieces to Gozag.

Inventory:

Hand Weapons
 n - a +0 hand axe of flaming
 r - the +8 falchion of the Wolf (weapon) {pain, rElec rN+ Str-2 Dex+4}
   (You found it on level 6 of the Dungeon)

   In the hands of one skilled in necromantic magic, it inflicts extra damage on
   living creatures.
   Str:       It affects your strength (-2).
   Dex:       It affects your dexterity (+4).
   rElec:     It insulates you from electricity.
   rN:        It protects you from negative energy.
 x - a +4 scimitar
 E - a +2 short sword of venom
Missiles
 q - 5 boomerangs (quivered)
Armour
 j - a +2 hat (worn)
 t - a +3 kite shield (worn)
Jewellery
 e - an amulet of faith
 f - a +6 ring of strength (left tentacle)
 g - a ring of see invisible (right tentacle)
 A - an amulet of magic regeneration
 C - an amulet of guardian spirit (around mantle)
 D - a ring of resist corrosion (on tentacle)
Wands
 k - a wand of flame (10)
 m - a wand of iceblast (15)
 o - a wand of mindburst (11)
 B - a wand of paralysis (19)
Scrolls
 a - 2 scrolls of enchant weapon
 h - a scroll of fear
 i - 2 scrolls of blinking
 l - 2 scrolls of teleportation
 w - a scroll of brand weapon {unknown}
 y - a scroll of immolation
Potions
 c - a potion of might
 p - 2 potions of haste
 s - a potion of curing {unknown}
 u - a potion of flight
 v - a potion of ambrosia
 z - 2 potions of lignification


   Skills:
 * Level 6.5 Fighting
 * Level 9.5 Long Blades
 - Level 3.0 Throwing
 * Level 6.5 Dodging
 + Level 7.9 Stealth
 * Level 6.4 Shields
 + Level 4.9 Evocations


You had 9 spell levels left.
You didn't know any spells.
Your spell library contained the following spells:

 Spells                   Type           Power      Damage    Failure   Level
 Blink                    Tloc           0%         N/A       80%         2
 Scorch                   Fire           0%         2d5       80%         2
 Portal Projectile        Hex/Tloc       0%         N/A       95%         3
 Flame Wave               Conj/Fire      0%         2d4       100%        4
 Alistair's Intoxication  Tmut/Pois      0%         N/A       100%        5
 Blade Hands              Tmut           0%         N/A       100%        5
 Borgnjor's Vile Clutch   Necr/Erth      0%         N/A       100%        5
 Excruciating Wounds      Necr           0%         N/A       100%        5
 Manifold Assault         Tloc           0%         N/A       100%        5
 Eringya's Noxious Bog    Tmut/Pois      0%         N/A       100%        6
 Summon Cactus Giant      Summ           0%         N/A       100%        6
 Storm Form               Tmut/Air       0%         N/A       100%        7


Dungeon Overview and Level Annotations

Branches:
Dungeon (9/15)             Temple (1/1) D:5             Orc (0/2) D:9
   Lair: D:8-11

Altars:
Cheibriados
Dithmenos
Elyvilon
Fedhas
Gozag
Hepliaklqana
Kikubaaqudgha
Makhleb
Nemelex Xobeh
Okawaru
Qazlal
Ru
Sif Muna
Trog
Uskayaw
Vehumet
Wu Jian
Xom
Yredelemnul
Zin
The Shining One
Beogh

Shops:
D:8 =[


Innate Abilities, Weirdness & Mutations

You cannot wear most types of armour.
You are amphibious.
You can wear up to eight rings at the same time.
Your skin changes colour to match your surroundings (Stealth+).
Your rubbery body absorbs attacks. (AC +1, EV +1)
((You are camouflaged when in or above water. (Stealth+)))
You have tentacles for arms and can constrict up to eight enemies at once.
Your flesh is heat resistant. (rF+)
Your muscles are strong. (Str +2)


Message History

The orc closely misses you.
You slice the orc!!
You kill the orc!
You now have 903 gold pieces (gained 6).
There is an open door here.
You see here a +0 falchion.
You now have 907 gold pieces (gained 4).
Things that are here:
a +0 dagger; a +0 robe You now have 916 gold pieces (gained 9).
You see here a +2 hand axe of electrocution.
You now have 922 gold pieces (gained 6).
Things that are here:
a +0 club; a +0 leather armour You now have 928 gold pieces (gained 6).
You see here a +0 hand axe.
There is an open door here.
You see here a +0 falchion.
You open the door.
There is an open door here.
There is an open door here.
There is an open door here.
You open the door.
There is an open door here.
There is an open door here.
There is an open door here.
A two-headed ogre comes into view.
It is wielding two +0 giant spiked clubs.
You closely miss the two-headed ogre.
The two-headed ogre shouts in stereo!
You squeeze the two-headed ogre!
The two-headed ogre is moderately wounded.
You block the two-headed ogre's attack.
The two-headed ogre hits you with a +0 giant spiked club!!
You barely miss the two-headed ogre.
The two-headed ogre is moderately wounded.
The two-headed ogre hits you with a +0 giant spiked club!!
* * * LOW HITPOINT WARNING * * *
The two-headed ogre hits you with a +0 giant spiked club!!
You die...
Your body crumbles into a pile of gold.

#.### #..... #...### ######
###...# ###.# #####+##
#####.## #......# #......#
#......# ##### #......#
###......####....
#......######.'......##.'....
#......##...@O#......#..#....
#.........#####......'.##....
# #......#### #......####....
#####......# #......# #....
...........# #......# #....
#####......# #......# #....
######## ###'#### #.... #..#
####[ ##.## #)


You could see a two-headed ogre.

Vanquished Creatures
  A two-headed ogre (D:8)
  A cyclops (D:9)
  Prince Ribbit (D:5)
  A vampire (D:9)
  3 yaks (D:9)
  2 steam dragons (D:8)
  Edmund (D:5)
  An acid dragon (D:9)
  A sky beast (D:7)
  2 orc warriors
  An ice beast (D:6)
  A necrophage (D:3)
  A black bear (D:4)
  3 ogres
  2 centaurs (D:8)
  Blork the orc (D:5)
  A kobold brigand (D:9)
  A gnoll sergeant (D:9)
  6 scorpions
  A wyvern zombie (D:8)
  2 water moccasin skeletons
  A killer bee (D:8)
  7 wights
  4 howler monkeys
  2 bullfrog zombies (D:7)
  2 jellies
  2 hounds
  3 centaur zombies
  12 orc priests
  A bullfrog skeleton (D:7)
  A gnoll shaman (D:7)
  A centaur skeleton (D:6)
  Ijyb (D:4)
  Natasha (thrice) (D:4)
  2 iguanas
  Terence (D:2)
  9 orc wizards
  A hound skeleton (D:4)
  A howler monkey skeleton (D:6)
  7 gnolls
  7 adders
  3 shadow imps
  2 worms (D:3)
  4 dart slugs
  23 orcs
  3 endoplasms
  3 giant cockroaches
  7 goblins
  8 hobgoblins
  11 kobolds
  2 quokkas
  9 ball pythons
  8 bats
  5 frilled lizards
  6 rats
  3 toadstools (D:1)
199 creatures vanquished.

Vanquished Creatures (others)
  An orc (D:9)
  A toadstool (D:1)
2 creatures vanquished.

Grand Total: 201 creatures vanquished

Notes
Turn   | Place    | Note
-------+----------+-------------------------------------------
     0 | D:1      | Tirrikindir the Octopode Fighter began the quest for the
                  | Orb.
     0 | D:1      | Reached XP level 1. HP: 16/16 MP: 1/1
   341 | D:1      | Reached XP level 2. HP: 20/21 MP: 2/2
   530 | D:1      | Found a faded altar of an unknown god.
   546 | D:1      | Reached skill level 1 in Stealth
   812 | D:1      | Reached XP level 3. HP: 20/26 MP: 3/3
  1410 | D:2      | Gained mutation: You sometimes lose the ability to read
                  | scrolls when taking damage. [potion of mutation]
  1410 | D:2      | Gained mutation: Your flesh is heat resistant. (rF+)
                  | [potion of mutation]
  1410 | D:2      | Lost mutation: You sometimes lose the ability to read
                  | scrolls when taking damage. [potion of mutation]
  1410 | D:2      | Gained mutation: Your muscles are strong. (Str +2) [potion
                  | of mutation]
  1736 | D:2      | Found an ornate altar of the Wu Jian Council.
  1752 | D:2      | Noticed Terence
  1761 | D:2      | Killed Terence
  1762 | D:2      | Reached skill level 3 in Long Blades
  1762 | D:2      | Reached XP level 4. HP: 28/31 MP: 4/4
  2375 | D:3      | Found a stormy altar of Qazlal.
  2377 | D:3      | Noticed a fire elemental
  2378 | D:3      | Noticed an earth elemental
  2378 | D:3      | Noticed a water elemental
  2378 | D:3      | Noticed an air elemental
  2425 | D:3      | Reached XP level 5. HP: 30/36 MP: 5/5
  3739 | D:4      | Noticed Ijyb
  3741 | D:4      | Noticed a necrophage
  3746 | D:4      | Killed Ijyb
  3747 | D:4      | Reached XP level 6. HP: 22/43 MP: 6/6
  3773 | D:3      | Killed a necrophage
  3774 | D:3      | Reached skill level 4 in Long Blades
  4065 | D:4      | Noticed a black bear
  4073 | D:4      | Killed a black bear
  4074 | D:4      | Reached XP level 7. HP: 48/48 MP: 7/7
  4076 | D:4      | Noticed Natasha
  4094 | D:4      | Killed Natasha
  4095 | D:4      | Reached skill level 5 in Long Blades
  4502 | D:4      | Found the +2 ratskin cloak {*Rats rPois rN+ Str-1 Int-1
                  | Dex+1}
  4569 | D:4      | Noticed Natasha
  4578 | D:4      | Killed Natasha
  4759 | D:4      | Noticed Natasha
  4766 | D:4      | Killed Natasha
  4772 | D:5      | Entered Level 5 of the Dungeon
  4799 | D:5      | Noticed Blork the orc
  4808 | D:5      | Killed Blork the orc
  4809 | D:5      | Reached skill level 1 in Evocations
  4820 | D:5      | Found a radiant altar of Vehumet.
  4893 | D:5      | Reached skill level 5 in Stealth
  5313 | D:5      | Noticed Edmund
  5324 | D:5      | Killed Edmund
  5325 | D:5      | Reached skill level 6 in Long Blades
  5325 | D:5      | Reached XP level 8. HP: 54/54 MP: 8/8
  5356 | D:5      | Noticed Prince Ribbit
  5364 | D:5      | Killed Prince Ribbit
  5401 | D:5      | Reached skill level 7 in Long Blades
  5776 | D:5      | Found a staircase to the Ecumenical Temple.
  5783 | Temple   | Entered the Ecumenical Temple
  5856 | Temple   | Became a worshipper of Gozag Ym Sagoz the Greedy
  6190 | D:6      | Reached skill level 8 in Long Blades
  6265 | D:6      | Identified the +8 falchion of the Wolf {pain, rElec rN+
                  | Str-2 Dex+4}
  6291 | D:6      | Found an iron altar of Okawaru.
  6424 | D:6      | Reached XP level 9. HP: 57/58 MP: 9/9
  6449 | D:6      | Identified the +5 ring mail of Niafetz {-Tele Will+ Int+4}
  6594 | D:6      | Reached skill level 1 in Throwing
  7426 | D:7      | Found a snail-covered altar of Cheibriados.
  8081 | D:7      | Reached skill level 5 in Dodging
  8084 | D:7      | Reached skill level 5 in Fighting
  8261 | D:8      | Reached skill level 5 in Shields
  8438 | D:8      | Noticed a two-headed ogre
  8466 | D:8      | Killed a two-headed ogre
  8725 | D:8      | Found Xiomoi Zekli's Antique Armour Shop.
  8752 | D:8      | Reached XP level 10. HP: 32/67 MP: 10/10
  9229 | D:8      | Reached skill level 9 in Long Blades
 10326 | D:9      | Noticed a cyclops
 10339 | D:9      | Killed a cyclops
 11187 | D:9      | Found a staircase to the Orcish Mines.
 11299 | D:9      | Noticed a two-headed ogre
 11305 | D:9      | Slain by a two-headed ogre

Illustrated notes

Levels and vault maps discovered:
D:1:      ldierk_water_garden, layout_basic, chequers_ecumenical_altar_island,
          grunt_decor_one_mirror
D:2:      layout_basic, basic_altar, uniq_terence
D:3:      layout_basic, nicolae_qazlal_style_of_elements
D:4:      minmay_angry_zag, layout_basic, uniq_natasha, uniq_ijyb
D:5:      layout_basic, minmay_temple_entry_butterflies, kennysheep_flooded_box,
          chequers_mini_garden, uniq_prince_ribbit1, uniq_blork_the_orc,
          uniq_edmund
D:6:      layout_basic, kennysheep_okawaru_gauntlet
D:7:      layout_basic, mainiacjoe_overflow_concentric_impassable
D:8:      minmay_goldmine, layout_loops_cross, serial_shops,
          nicolae_shop_advertising_works [nicolae_subvault_shop_adworks],
          grunt_ministairs_3, nicolae_fountain_basement
D:9:      layout_roguey, minmay_orc_entry_temple_small, lemuel_flamethrower_1
Temple:   minmay_crystal_spiral_temple

Skill      XL: |  1  2  3  4  5  6  7  8  9 10 |
---------------+-------------------------------+-----
Stealth        | 1 2 3 4 5 6 7 |  7.9
Long Blades    | 3 4 6 8 9 |  9.5
Dodging        | 4 5 6 |  6.5
Shields        | 4 5 6 |  6.4
Fighting       | 4 5 6 |  6.5
Evocations     | 2 3 4 |  4.9
Throwing       | 2 3 |  3.0

Action                   |  1- 3 |  4- 6 |  7- 9 | 10-12 || total
-------------------------+-------+-------+-------+-------++-------
Melee: Long sword        |    64 |    65 |    87 |       ||   216
       Tentacles         |    13 |    11 |    31 |    36 ||    91
       Constrict         |    14 |    16 |    43 |    23 ||    96
       Punch             |     2 |     1 |     2 |     1 ||     6
       Falchion          |       |       |    97 |   130 ||   227
Throw: Boomerang         |       |       |     7 |     3 ||    10
Invok: Call Merchant     |       |       |       |     1 ||     1
Evoke: Wand              |       |       |     1 |     2 ||     3
  Use: Scroll            |     4 |     6 |     7 |     2 ||    19
       Potion            |     2 |     2 |     3 |     1 ||     8
 Stab: Sleeping          |     6 |    10 |    22 |     5 ||    43
       Paralysed         |       |       |     4 |       ||     4
       Distracted        |       |       |       |     3 ||     3
Armor: Skin              |    12 |     3 |    18 |     9 ||    42
Dodge: Dodged            |    41 |    32 |   133 |    53 ||   259
Block: Buckler           |    10 |    15 |    51 |    24 ||   100
       Kite shield       |       |       |       |    11 ||    11
